 Dungeon Crawl Stone Soup version 0.20.1-1-g8b1a95d (webtiles) character file.

352 Winterheart the Magician (level 6, -1/36 HPs)
             Began as an Octopode Wizard on Oct 20, 2017.
             Slain by a river rat (9 damage)
             ... in a sewer on Oct 21, 2017.
             The game lasted 00:20:49 (1961 turns).

Winterheart the Magician (Octopode Wizard)          Turns: 1961, Time: 00:20:49

Health: -1/36      AC:  1    Str: 12    XL:     6   Next: 61%
Magic:  3/12       EV: 17    Int: 27    God:
Gold:   111        SH:  0    Dex: 10    Spells: 4/13 levels left

rFire    . . .     SeeInvis .   u - +0 spear
rCold    . . .     Gourm    .   (no shield)
rNeg     . . .     Faith    .   a - +0 hat
rPois    .         Spirit   .   (no amulet)
rElec    .         Reflect  .   n - +3 ring of evasion
rCorr    .         Harm     .   r - +2 ring of intelligence
MR       .....                  v - +3 ring of intelligence
Stlth    +++.......             (no ring)
Regen    0.2/turn               (no ring)
MPRegen  0.2/turn               (no ring)
                                (no ring)
                                (no ring)

@: mighty, about to teleport
A: almost no armour, stealthy swim, amphibious, 8 rings, constrict 8, camouflage
1, gelatinous body 1
a: no special abilities


You were in a sewer.
You were not hungry.

You visited 1 branch of the dungeon, and saw 6 of its levels.
You also visited: Sewer.

You collected 111 gold pieces.

Inventory:

Hand Weapons
 u - a +0 spear (weapon)
Missiles
 j - 19 poisoned needles
Armour
 a - a +0 hat (worn)
Jewellery
 n - a +3 ring of evasion (left tentacle)
 r - a +2 ring of intelligence (right tentacle)
 v - a +3 ring of intelligence (on tentacle)
Wands
 t - a wand of disintegration (0/24)
Scrolls
 f - 3 scrolls of remove curse
 g - 4 scrolls of teleportation
Potions
 e - a potion of might
 i - a potion of brilliance {unknown}
 l - a potion of ambrosia {unknown}
 m - a potion of curing
 o - a potion of agility {unknown}
 p - a potion of lignification {unknown}
 q - 3 potions of haste
Books
 b - a book of Minor Magic

   Spells                             Type                      Level
   a - Magic Dart                     Conjuration                  1
   b - Blink                          Translocation                2
   c - Call Imp                       Summoning                    2
   d - Slow                           Hexes                        2
   e - Conjure Flame                  Conjuration/Fire             3
   f - Mephitic Cloud                 Conjuration/Poison/Air       3
Comestibles
 c - 2 bread rations
 d - a royal jelly
 h - 2 fruits
 s - 2 meat rations


   Skills:
 + Level 3.5 Dodging
 - Level 2.8 Stealth
 + Level 4.4 Spellcasting
 * Level 4.4 Conjurations
   Level 1.0 Summonings
 - Level 1.0 Translocations


You had 4 spell levels left.
You knew the following spells:

 Your Spells              Type           Power        Failure   Level  Hunger
a - Magic Dart            Conj           ####         1%          1    None
b - Conjure Flame         Conj/Fire      ###.....     9%          3    ##.....
c - Mephitic Cloud        Conj/Pois/Air  ##......     12%         3    ##.....
d - Blink                 Tloc           N/A          8%          2    None


Dungeon Overview and Level Annotations

Branches:
Dungeon (6/15)
 Temple: D:4-7

Altars:
Ashenzari
Gozag
Hepliaklqana
Qazlal
Trog
Yredelemnul

Annotations:
D:3 Ijyb
D:4 MetaCosm's ghost, amateur SpWr


Innate Abilities, Weirdness & Mutations

You cannot wear most types of armour.
You are very stealthy in the water. (Stealth+)
You are amphibious.
You can wear up to eight rings at the same time.
You can use your tentacles to constrict eight enemies at once.
Your skin changes colour to match your surroundings (Stealth+).
Your rubbery body absorbs attacks. (AC +1, EV +1)


Message History

You puncture the river rat!
You kill the river rat!
The rat closely misses you.
A river rat comes into view.
You puncture the rat!
You kill the rat!
You barely miss the river rat. Your grab misses the river rat.
The river rat bites you.
* * * LOW HITPOINT WARNING * * *
You puncture the river rat! Your grab misses the river rat.
The river rat is severely wounded.
You closely miss the river rat. Your grab misses the river rat.
The river rat is severely wounded.
The river rat closely misses you. The river rat bites you.
* * * LOW HITPOINT WARNING * * *
As you read the scroll of teleportation, it crumbles to dust.
You feel strangely unstable.
The river rat bites you but does no damage.
The river rat bites you!
You die...

####### ## ##....r###
..####...r.r..####
.......r## .........
.......r@###.....r.#
..##.....##........##
≈####†..............##.
≈≈≈≈##≈.≈.≈≈.....S...≈.
≈≈≈≈≈≈≈≈≈≈≈.≈≈≈≈≈≈≈≈.≈≈
≈≈≈≈≈≈≈≈≈≈≈†≈≈≈≈≈≈≈≈≈≈≈≈≈
≈≈≈≈≈≈≈≈≈≈≈≈≈≈≈≈≈≈≈≈≈≈≈≈≈
≈≈≈≈≈≈≈≈≈≈≈≈≈≈≈≈≈≈..≈≈≈≈≈
≈≈≈≈≈≈≈≈≈≈≈≈≈.†....≈≈≈≈≈≈


You could see 2 river rats.

Vanquished Creatures
  An orc warrior (D:6)
  A bullfrog (D:6)
  A crimson imp (D:6)
  An orc priest (D:6)
  A worker ant zombie (D:5)
  7 adders
  3 river rats (Sewer)
  A worm (D:6)
  A dart slug (D:2)
  A leopard gecko (D:3)
  2 orcs (D:6)
  A ball python (Sewer)
  5 bats
  2 giant cockroaches (D:6)
  A hobgoblin (D:1)
  5 kobolds
  2 frilled lizards (D:3)
  A leopard gecko skeleton (D:4)
  16 rats
53 creatures vanquished.

Notes
Turn   | Place    | Note
-------+----------+-------------------------------------------
     0 | D:1      | Winterheart the Octopode Wizard began the quest for the Orb.
     0 | D:1      | Reached XP level 1. HP: 11/11 MP: 4/4
   232 | D:1      | Reached XP level 2. HP: 16/17 MP: 1/6
   285 | D:2      | Found a shattered altar of Ashenzari.
   430 | D:3      | Reached XP level 3. HP: 19/21 MP: 1/8
   435 | D:3      | Learned a level 3 spell: Conjure Flame
   439 | D:3      | Learned a level 3 spell: Mephitic Cloud
   442 | D:3      | Learned a level 2 spell: Blink
   494 | D:3      | Noticed Ijyb
   519 | D:4      | Noticed MetaCosm's ghost (amateur SpWr)
   925 | D:4      | Found a hazy altar of Hepliaklqana.
   993 | D:5      | Entered Level 5 of the Dungeon
  1100 | D:5      | Found an opulent altar of Gozag.
  1362 | D:6      | Found a stormy altar of Qazlal.
  1362 | D:6      | Found a basalt altar of Yredelemnul.
  1363 | D:6      | Found a bloodstained altar of Trog.
  1440 | D:6      | Noticed a scorpion
  1472 | D:6      | Noticed a bullfrog
  1495 | D:6      | Noticed a steam dragon
  1601 | D:6      | Noticed a bullfrog
  1606 | D:6      | Killed a bullfrog
  1606 | D:6      | Reached XP level 4. HP: 19/27 MP: 3/9
  1636 | D:6      | Noticed an orc warrior
  1652 | D:6      | Reached XP level 5. HP: 26/31 MP: 5/10
  1659 | D:6      | Killed an orc warrior
  1659 | D:6      | Reached XP level 6. HP: 31/36 MP: 0/12
  1809 | D:6      | Found a glowing drain.
  1818 | Sewer    | Entered a sewer
  1961 | Sewer    | Slain by a river rat

Skill      XL: |  1  2  3  4  5  6 |
---------------+-------------------+-----
Conjurations   | 3 4 |  4.4
Dodging        | 3 |  3.5
Spellcasting   | 4 |  4.4
Stealth        | |  2.8
Summonings     | |  1.0
Translocations | |  1.0

Action                   |  1- 3 |  4- 6 || total
-------------------------+-------+-------++-------
Melee: Unarmed           |     7 |       ||     7
       Constrict         |     1 |    11 ||    12
       Spear             |       |    42 ||    42
       Tentacles         |       |     2 ||     2
 Cast: Magic Dart        |    51 |    34 ||    85
       Conjure Flame     |     3 |     1 ||     4
       Blink             |     1 |       ||     1
       Mephitic Cloud    |       |     2 ||     2
Evoke: Wand              |     2 |     3 ||     5
  Use: Scroll            |     5 |     3 ||     8
       Potion            |       |     4 ||     4
  Eat: Bread ration      |     1 |       ||     1
       Fruit             |     1 |       ||     1
Armor: Skin              |     4 |     3 ||     7
Dodge: Dodged            |    14 |    42 ||    56
